 Dungeon Crawl Stone Soup version 0.26.1-2-gb8aa6d0cf2 (webtiles) character file.

Game seed: 14625777920954342287

126 nightchill the Poker (level 5, -1/41 HPs)
             Began as a Merfolk Gladiator on Mar 22, 2021.
             Was an Initiate of Ru.
             Slain by an orc
             ... wielding a +0 club
              (4 damage)
             ... on level 4 of the Dungeon.
             The game lasted 00:04:12 (2646 turns).

nightchill the Poker (Merfolk Gladiator)            Turns: 2646, Time: 00:04:13

Health: -1/41      AC:  6    Str: 16    XL:     5   Next: 9%
Magic:  5/5        EV: 13    Int:  7    God:    Ru [......]
Gold:   46         SH:  0    Dex: 15    Spells: 4/4 levels left

rFire    . . .     SeeInvis .   a - +0 trident
rCold    . . .     Faith    .   (no shield)
rNeg     . . .     Spirit   .   j - +0 ring mail
rPois    .         Reflect  .   c - +0 helmet
rElec    .         Harm     .   (no cloak)
rCorr    .         Rampage  .   (no gloves)
Will     .....                  (no boots)
Stlth    +.........             (no amulet)
HPRegen  0.13/turn              (no ring)
MPRegen  0.09/turn              (no ring)

@: lethally poisoned (-1 -> -5)
A: change form in water, swift swim, stealthy swim
a: Renounce Religion


You were on level 4 of the Dungeon.
You worshipped Ru.
Ru was noncommittal.
You visited 1 branch of the dungeon, and saw 4 of its levels.

You collected 46 gold pieces.

Inventory:

Hand Weapons
 a - a +0 trident (weapon)
Missiles
 d - 2 throwing nets (quivered)
Armour
 b - a +0 leather armour
 c - a +0 helmet (worn)
 j - a +0 ring mail (worn)
Jewellery
 i - an uncursed ring of resist corrosion {unknown}
Scrolls
 e - a scroll of immolation {unknown}
 f - a scroll of magic mapping {unknown}
 g - 3 scrolls of remove curse {unknown}
 h - a scroll of fog {unknown}
 l - a scroll of enchant weapon {unknown}
 m - a scroll of enchant armour {unknown}
 n - a scroll of teleportation {unknown}
 o - a scroll of identify {unknown}
Potions
 k - a potion of brilliance {unknown}
 p - a potion of haste {unknown}


   Skills:
 + Level 3.6 Fighting
 * Level 7.1 Polearms
 - Level 2.0 Throwing
 - Level 4.0 Dodging


You had 4 spell levels left.
You didn't know any spells.
Your spell library was empty.

Dungeon Overview and Level Annotations

Branches:
Dungeon (3/15)

Altars:
Ashenzari
Elyvilon
Ru
Sif Muna
Trog
Vehumet
Wu Jian


Message History

You hit the orc.
The orc is lightly wounded.
The orc barely misses you. The orc hits you but does no damage.
The scorpion struggles against the net.
The net rips apart, and the scorpion comes free!
You hit the orc.
The orc is heavily wounded.
You feel sick. The orc barely misses you. The orc hits you with a +0 hand axe.
* * * LOW HITPOINT WARNING * * *
You closely miss the orc.
The orc is heavily wounded.
The orc hits you with a +0 hand axe.
* * * LOW HITPOINT WARNING * * *
The orc hits you but does no damage.
You completely miss the orc.
The orc is heavily wounded.
You feel sick. The orc barely misses you. The orc hits you with a +0 hand axe.
* * * LOW HITPOINT WARNING * * *
The orc hits you with a +0 club.
You die...

#################
............so@.#
#...#...#...#oo#
..............._#
.#...#...#...#..#
............$...#
#################


You could see a scorpion and 3 orcs.

Vanquished Creatures
  6 adders (D:2)
  3 oozes
  A worm (D:3)
  A dart slug (D:1)
  4 leopard geckos
  2 ball pythons
  2 giant cockroaches
  7 hobgoblins
  3 jackals (D:2)
  9 kobolds
  6 bats
  2 frilled lizards
  3 goblins
  2 rats (D:1)
51 creatures vanquished.

Vanquished Creatures (others)
  A frilled lizard (D:1)
1 creature vanquished.

Grand Total: 52 creatures vanquished

Notes
Turn   | Place    | Note
-------+----------+-------------------------------------------
     0 | D:1      | nightchill the Merfolk Gladiator began the quest for the
                  | Orb.
     0 | D:1      | Reached XP level 1. HP: 16/16 MP: 1/1
    91 | D:1      | Reached XP level 2. HP: 23/23 MP: 2/2
   102 | D:1      | Reached skill level 5 in Polearms
   517 | D:1      | Reached XP level 3. HP: 21/28 MP: 3/3
  1160 | D:2      | Found a radiant altar of Vehumet.
  1188 | D:2      | Reached skill level 6 in Polearms
  1252 | D:2      | Reached XP level 4. HP: 28/35 MP: 4/4
  1617 | D:2      | Found a broken altar of Ashenzari.
  2095 | D:2      | Found a sacrificial altar of Ru.
  2129 | D:2      | Became a worshipper of Ru the Awakened
  2152 | D:2      | Reached skill level 7 in Polearms
  2236 | D:2      | Found a bloodstained altar of Trog.
  2239 | D:2      | Found a white marble altar of Elyvilon.
  2387 | D:2      | Reached XP level 5. HP: 41/41 MP: 5/5
  2569 | D:3      | Found a shimmering blue altar of Sif Muna.
  2624 | D:3      | You fall into a shaft and drop 1 floor!
  2625 | D:4      | Found an ornate altar of the Wu Jian Council.
  2646 | D:4      | Slain by an orc

Illustrated notes

Levels and vault maps discovered:
D:1:      shiori_arrival_oz, layout_basic, minmay_heptomino_h4
D:2:      layout_basic, hangedman_ru_absence, vehumet_crystals,
          lemuel_doored_altar, minitemple, chequers_serial_rivers_small_3,
          minmay_misc_feat_secret_circle, minivault_4
D:3:      layout_basic, nicolae_overflow_hidden_temple, bh_walls_and_bars
D:4:      layout_loops_ring, lemuel_coloured_pillars_altar, kennysheep_mini,
          minmay_temple_entry_glass, nrook_loot_triangle,
          small_statue_intersection, minivault_25, kennysheep_doodads

Skill      XL: |  1  2  3  4 |
---------------+-------------+-----
Polearms       | 5 6 7 |  7.1
Fighting       | 3 |  3.6
Throwing       | |  2.0
Dodging        | |  4.0

Action                   |  1- 3 |  4- 6 || total
-------------------------+-------+-------++-------
Melee: Trident           |    99 |    92 ||   191
Throw: Throwing net      |       |     1 ||     1
 Stab: Sleeping          |     1 |       ||     1
Armor: Leather armour    |    11 |       ||    11
       Ring mail         |    12 |    31 ||    43
Dodge: Dodged            |    50 |    51 ||   101
